 Dungeon Crawl Stone Soup version 0.28.0 (webtiles) character file.

Game seed: 8613296488502275850

457 Kaptain the Digger (level 7, -8/40 HPs)
             Began as a Gargoyle Earth Elementalist on Feb 7, 2022.
             Mangled by an ogre (25 damage)
             ... on level 4 of the Dungeon.
             The game lasted 00:08:32 (5579 turns).

Kaptain the Digger (Gargoyle Earth Elementalist)    Turns: 5579, Time: 00:08:34

Health: -8/40      AC:  9    Str: 17    XL:     7   Next: 6%
Magic:  0/12       EV: 12    Int: 18    God:
Gold:   191        SH:  0    Dex: 10    Spells: 9/13 levels left

rFire   . . .      SeeInvis .   c - +4 quarterstaff (chaos)
rCold   . . .      Faith    .   (shield currently unavailable)
rNeg    + . .      Spirit   .   b - +0 robe
rPois   ∞          Reflect  .   f - +0 helmet
rElec   +          Harm     .   n - +0 cloak
rCorr   .          Rampage  .   (no gloves)
Will    .....                   (no boots)
Stlth   ++........              t - amulet of the acrobat
HPRegen 0.13/turn               e - +6 ring of strength
MPRegen 0.13/turn               (no ring)

@: very slightly contaminated
A: sickness immunity, AC +4, negative energy resistance 1, electricity
resistance, torment resistance 1, petrification resistance
a: no special abilities


You were on level 4 of the Dungeon.
You visited 1 branch of the dungeon, and saw 7 of its levels.

You collected 191 gold pieces.

Inventory:

Hand Weapons
 c - a +4 quarterstaff of chaos (weapon)
 g - a +2 dagger of holy wrath
 q - a +2 short sword of draining
Armour
 b - a +0 robe (worn)
 f - a +0 helmet (worn)
 n - a +0 cloak (worn)
 u - a +2 buckler
Jewellery
 e - a +6 ring of strength (left hand)
 t - an amulet of the acrobat (around neck)
Wands
 v - a wand of flame (16)
Scrolls
 d - a scroll of vulnerability {unknown}
 i - 5 scrolls of identify {unknown}
 p - a scroll of teleportation {unknown}
 s - a scroll of enchant armour {unknown}
 w - a scroll of torment {unknown}
Potions
 a - a potion of haste {unknown}
 h - a potion of heal wounds {unknown}
 j - 2 potions of mutation {unknown}
 k - a potion of brilliance {unknown}
 l - a potion of curing {unknown}
 m - 2 potions of attraction {unknown}
 o - a potion of cancellation {unknown}
 r - a potion of magic {unknown}
 x - a potion of lignification {unknown}


   Skills:
 + Level 2.2 Fighting
 + Level 2.2 Armour
 + Level 2.3 Dodging
 + Level 3.6 Stealth
 + Level 0.3 Shields
 * Level 3.6 Spellcasting
 * Level 2.3 Conjurations
 - Level 0.7 Transmutations
 * Level 5.3 Earth Magic


You had 9 spell levels left.
You knew the following spells:

 Your Spells              Type           Power      Damage    Failure   Level
a - Sandblast             Erth           44%        2d11      1%          1
b - Stone Arrow           Conj/Erth      34%        3d9       10%         3

Your spell library contained the following spells:

 Spells                   Type           Power      Damage    Failure   Level
 Passwall                 Tmut/Erth      11%        N/A       7%          2
 Shock                    Conj/Air       28%        1d4       10%         1
 Corpse Rot               Necr/Air       6%         N/A       24%         2
 Petrify                  Tmut/Erth      14%        N/A       41%         4
 Swiftness                Air            3%         N/A       43%         3
 Airstrike                Air            1%         N/A       83%         4
 Dispel Undead            Necr           3%         3d7       83%         4
 Death Channel            Necr           1%         N/A       100%        6


Dungeon Overview and Level Annotations

Branches:
Dungeon (7/15)
 Temple: D:4-7

Altars:

Shops:
D:4 *   D:7 :

Annotations:
D:5 Pikel


Innate Abilities, Weirdness & Mutations

You are immune to sickness and miasma.
Your stone body is resilient. (AC +4)
You are immune to poison.
You resist negative energy. (rN+)
You are resistant to electric shocks. (rElec)
You are resistant to unholy torment.
You are immune to petrification.


Message History

The ogre misses you. The gnoll sergeant closely misses you.
You climb upwards.
There is a stone staircase leading down here.
Unknown command.
The ogre completely misses you.
Casting: Stone Arrow (dangerous; 10% risk of failure)
Confirm with . or Enter, or press ? or * to list all spells.
Aiming: Stone Arrow (dangerous; 10% risk of failure)
Press: ? - help, Shift-Dir - straight line, f - ogre
Aim: an ogre, wielding a +0 giant club (85% to hit)
You miscast Stone Arrow.
You are very lightly contaminated with residual magic.
You feel a strange surge of energy! The ogre misses you.
Unknown command.
Casting: Stone Arrow (dangerous; 10% risk of failure)
Confirm with . or Enter, or press ? or * to list all spells.
Aiming: Stone Arrow (dangerous; 10% risk of failure)
Press: ? - help, Shift-Dir - straight line, f/p - ogre
Aim: an ogre, wielding a +0 giant club (85% to hit)
You miscast Stone Arrow.
Nothing appears to happen.
The ogre hits you with a +0 giant club!
Unknown command.
Casting: Stone Arrow (dangerous; 10% risk of failure)
Confirm with . or Enter, or press ? or * to list all spells.
Aiming: Stone Arrow (dangerous; 10% risk of failure)
Press: ? - help, Shift-Dir - straight line, f/p - ogre
Aim: an ogre, wielding a +0 giant club (85% to hit)
The stone arrow hits the ogre!
The ogre is moderately wounded.
Unknown command.
Casting: Stone Arrow (dangerous; 10% risk of failure)
Confirm with . or Enter, or press ? or * to list all spells.
Aiming: Stone Arrow (dangerous; 10% risk of failure)
Press: ? - help, Shift-Dir - straight line, f/p - ogre
Aim: an ogre, wielding a +0 giant club (moderately wounded, 85% to hit)
The stone arrow hits the ogre!
The ogre is almost dead.
The ogre hits you with a +0 giant club!!
Ouch! That really hurt!
You die...

#....## ## ##.....###. ## ####
#.......... .# #..# #..........
.# #..# #.........# ###
##.<######.....##..# ..##
####..#...#.#....###... ##.#
#..#........#...## ##.. ##.##
#..#..@..#.....## ##.. #..#
#..##.O#......## ##...
###########..##..####..# ##...<
#.#..)....#...### ##..####....#
##..##.....)...# #...........#
##....#.........# #..#........#
#.......###.....## ##..##......(#
.......###.......###..####......#
.......# #.........#..# ##.....#


You could see an ogre.

Vanquished Creatures
  A centaur (D:6)
  A wyvern zombie (D:7)
  An orc priest (D:4)
  Crazy Yiuf (D:2)
  Jessica (D:2)
  An iguana (D:4)
  Natasha (twice) (D:3)
  2 orc wizards
  A gnoll (D:5)
  3 adders (D:5)
  4 worms
  A dart slug (D:3)
  6 orcs
  9 ball pythons
  2 endoplasms
  2 giant cockroaches
  4 goblins
  2 hobgoblins
  5 quokkas
  6 bats
  5 frilled lizards
  4 kobolds
  4 rats
68 creatures vanquished.

Notes
Turn   | Place    | Note
-------+----------+-------------------------------------------
     0 | D:1      | Kaptain the Gargoyle Earth Elementalist began the quest for
                  | the Orb.
     0 | D:1      | Reached XP level 1. HP: 10/10 MP: 3/3
   338 | D:1      | Reached XP level 2. HP: 15/15 MP: 1/5
  1230 | D:1      | Reached skill level 4 in Earth Magic
  1523 | D:2      | Reached XP level 3. HP: 20/20 MP: 0/6
  1608 | D:2      | Found a faded altar of an unknown god.
  2039 | D:2      | Reached skill level 1 in Fighting
  2286 | D:2      | Found a runed translucent door.
  2287 | D:2      | Noticed Crazy Yiuf
  2335 | D:2      | Killed Crazy Yiuf
  2336 | D:2      | Reached skill level 1 in Armour
  2336 | D:2      | Reached XP level 4. HP: 8/25 MP: 1/7
  2637 | D:2      | Noticed Jessica
  2645 | D:2      | Killed Jessica
  3003 | D:3      | Noticed Natasha
  3008 | D:3      | Killed Natasha
  3009 | D:3      | Reached XP level 5. HP: 28/29 MP: 9/9
  3016 | D:3      | Learned a level 3 spell: Stone Arrow
  3405 | D:3      | Noticed Natasha
  3413 | D:3      | Killed Natasha
  3625 | D:4      | Reached skill level 1 in Conjurations
  3768 | D:4      | You fall into a shaft and drop 3 floors!
  3781 | D:7      | Found Coabo's Book Shoppe.
  3832 | D:7      | Reached XP level 6. HP: 13/35 MP: 3/10
  4037 | D:6      | Reached skill level 5 in Earth Magic
  4102 | D:5      | Entered Level 5 of the Dungeon
  4452 | D:4      | Found Kiphiot's Assorted Antiques.
  5332 | D:5      | Reached XP level 7. HP: 25/40 MP: 9/12
  5537 | D:5      | Noticed Pikel
  5579 | D:4      | Mangled by an ogre

Illustrated notes

Levels and vault maps discovered:
D:1:      sevenhm_arrival_forest_fort_small_4, layout_basic
D:2:      layout_basic, basic_ecumenical_altar, uniq_crazy_yiuf_cottage,
          uniq_jessica
D:3:      layout_loops_ring, uniq_natasha
D:4:      layout_layer_cave, serial_shops, nicolae_shop_crystal
D:5:      layout_loops_corners, nicolae_overflow_crystal_walls,
          nicolae_gozag_seed_capital, minmay_fountain_box, uniq_pikel,
          uniq_edmund
D:6:      kennysheep_windowed_halls, layout_basic,
          grunt_temple_overflow_champion_of_chaos
D:7:      layout_gridville, temple_pool_b, serial_shops, nicolae_shop_stone,
          uniq_harold

Skill      XL: |  1  2  3  4  5  6 |
---------------+-------------------+-----
Earth Magic    | 4 5 |  5.3
Fighting       | 1 2 |  2.2
Armour         | 1 2 |  2.2
Dodging        | 2 |  2.3
Spellcasting   | 3 |  3.6
Stealth        | 3 |  3.6
Conjurations   | 1 2 |  2.3
Shields        | |  0.3
Transmutations | |  0.7

Action                   |  1- 3 |  4- 6 |  7- 9 || total
-------------------------+-------+-------+-------++-------
Melee: Dagger            |    49 |       |       ||    49
       Punch             |     1 |       |       ||     1
       Quarterstaff      |       |    54 |     7 ||    61
 Cast: Sandblast         |    30 |    19 |     1 ||    50
       Stone Arrow       |       |     7 |     4 ||    11
 Stab: Sleeping          |     2 |     1 |       ||     3
Armor: Robe              |    19 |    21 |     6 ||    46
Dodge: Dodged            |    32 |    42 |    15 ||    89
